 Dungeon Crawl Stone Soup version 0.20-a0-151-g755e310 (webtiles) character file.

26 KristoblXynda the Sneak (level 2, -1/20 HPs)
             Began as a Draconian Enchanter on Nov 22, 2016.
             Slain by a gnoll
             ... wielding a +0 halberd
              (6 damage)
             ... on level 1 of the Dungeon.
             The game lasted 00:01:15 (1033 turns).

KristoblXynda the Sneak (Draconian Enchanter)       Turns: 1033, Time: 00:01:16

Health: -1/20      AC:  4    Str: 10    XL:     2   Next: 89%
Magic:  3/5        EV: 12    Int: 15    God:
Gold:   8          SH:  0    Dex: 11    Spells: 2/5 levels left

rFire  . . .     SeeInvis .     a - +1 dagger
rCold  . . .     Gourm    .     (armour unavailable)
rNeg   . . .     Faith    .     (no shield)
rPois  .         Spirit   .     (helmet restricted)
rElec  .         Reflect  .     (no cloak)
rCorr  .         Harm     .     (no gloves)
MR     .....                    (no boots)
Stlth  ++........               (no amulet)
                                (no ring)
                                (no ring)

@: no status effects
A: unfitting armour, cold-blooded, AC +4
a: no special abilities


You were on level 1 of the Dungeon.
You were hungry.

You visited 1 branch of the dungeon, and saw 1 of its levels.

You collected 8 gold pieces.

Inventory:

Hand Weapons
 a - a +1 dagger (weapon)
Scrolls
 d - 2 scrolls of identify {unknown}
 e - 2 scrolls of remove curse {unknown}
 h - 2 scrolls of fog {unknown}
Potions
 f - a potion of might {unknown}
 i - a potion of flight {unknown}
 j - a potion of heal wounds {unknown}
Books
 b - a book of Maledictions

   Spells                             Type                      Level
   a - Corona                         Hexes                        1
   b - Ensorcelled Hibernation        Hexes/Ice                    2
   c - Confuse                        Hexes                        3
   d - Tukima's Dance                 Hexes                        3
   e - Dazzling Spray                 Conjuration/Hexes            3
Comestibles
 c - a bread ration
 g - 2 meat rations


   Skills:
 - Level 1.0 Short Blades
 - Level 1.7 Dodging
 + Level 3.2 Stealth
 + Level 2.3 Spellcasting
 + Level 3.1 Hexes


You had 2 spell levels left.
You knew the following spells:

 Your Spells              Type           Power        Failure   Level  Hunger
a - Corona                Hex            ##.....      8%          1    #......
b - Ensorcelled Hibernat  Hex/Ice        #.....       17%         2    ###....


Dungeon Overview and Level Annotations

Branches:
Dungeon (1/15)

Altars:


Innate Abilities, Weirdness & Mutations

Your plain brown scales are hard. (AC +4)
You cannot fit into any form of body armour.
You are cold-blooded and may be slowed by cold attacks.


Message History

You see here a leopard gecko corpse.
The gnoll is too close now for your liking.
A gnoll is nearby!
The gnoll hits you from afar with a halberd!
Ouch! That really hurt!
* * * LOW HITPOINT WARNING * * *
Found a scroll labeled FAG MIORERPHY and 17 stones.
The gnoll misses you.
Found a scroll labeled VULELA XUUSKENG.
Casting: Ensorcelled Hibernation
Confirm with . or Enter, or press ? or * to list all spells.
Aiming: Ensorcelled Hibernation
Press: ? - help, Shift-Dir - straight line, f - gnoll
Aim: a gnoll, wielding a halberd (chance to defeat MR: 47%)
The gnoll looks drowsy...
The helpless gnoll fails to defend itself.
You puncture the gnoll!
The gnoll is severely wounded.
The gnoll hits you with a halberd.
You die...

#.....# ... #?...(# ..
#.....# . #.....#
#.....# #.....#
#g....#
################@....#
†............>.......#
#####.######..##.....#
# #.# ##...###.## #
#.# ##...# ?# ## #.#
##...### # .# #.#
#...##># .## #.#
##...#.≈# ..# #.#
#...##.≈#


You could see a gnoll.

Vanquished Creatures
  An ooze (D:1)
  A dart slug (D:1)
  2 leopard geckos (D:1)
  2 bats (D:1)
  A giant cockroach (D:1)
  A goblin (D:1)
  2 hobgoblins (D:1)
  A frilled lizard (D:1)
  4 kobolds (D:1)
  3 rats (D:1)
18 creatures vanquished.

Notes
Turn   | Place    | Note
-------+----------+-------------------------------------------
     0 | D:1      | KristoblXynda the Draconian Enchanter began the quest for the Orb.
     0 | D:1      | Reached XP level 1. HP: 14/14 MP: 3/3
   237 | D:1      | Reached XP level 2. HP: 6/20 MP: 5/5
   847 | D:1      | Learned a level 2 spell: Ensorcelled Hibernation
  1033 | D:1      | Slain by a gnoll

Vault maps used:
D:1:      evilmike_arrival_crescent, roderic_roman_lattice

Skill      XL: |  1  2 |
---------------+-------+-----
Stealth        | 3 |  3.2
Hexes          | 3 |  3.1
Short Blades   | |  1.0
Dodging        | |  1.7
Spellcasting   | |  2.3

Action                   || total
-------------------------++-------
Melee: Dagger            ||    77
       Tailslap          ||     2
 Cast: Ensorcelled Hiber ||     2
 Stab: Sleeping          ||     3
Armor: Skin              ||    26
Dodge: Dodged            ||    47
